 Dungeon Crawl Stone Soup version 0.29.1-1-gd02db6906a (webtiles) character file.

Game seed: 12914889006196666962

57 hawla the Firebug (level 3, -1/19 HPs)
             Began as a Deep Elf Fire Elementalist on Oct 20, 2022.
             Slain by Robin
             ... wielding a +4 short sword of protection
              (6 damage)
             ... on level 2 of the Dungeon.
             The game lasted 00:02:50 (1731 turns).

hawla the Firebug (Deep Elf Fire Elementalist)      Turns: 1731, Time: 00:02:51

Health: -1/19      AC:  2    Str:  5    XL:     3   Next: 73%
Magic:  10/10      EV: 13    Int: 21    God:
Gold:   70         SH:  0    Dex: 15    Spells: 6/9 levels left

rFire   . . .      SeeInvis .   (no weapon)
rCold   . . .      Faith    .   (no shield)
rNeg    . . .      Spirit   .   a - +0 robe
rPois   .          Reflect  .   (no helmet)
rElec   .          Harm     .   (no cloak)
rCorr   .          Rampage  .   (no gloves)
Will    .....                   (no boots)
Stlth   ++........              (no amulet)
HPRegen 0.06/turn               (no ring)
MPRegen 0.12/turn               (no ring)

@: no status effects
A: no striking features
a: no special abilities


You were on level 2 of the Dungeon.
You visited 1 branch of the dungeon, and saw 2 of its levels.

You collected 70 gold pieces.

Inventory:

Armour
 a - a +0 robe (worn)
Scrolls
 c - 3 scrolls of fog


   Skills:
 + Level 2.7 Dodging
 + Level 2.7 Stealth
 + Level 3.6 Spellcasting
 + Level 1.5 Conjurations
 + Level 4.4 Fire Magic


You had 6 spell levels left.
You knew the following spells:

 Your Spells              Type           Power      Damage    Failure   Level
a - Foxfire               Conj/Fire      64%        2x1d7     3%          1
b - Scorch                Fire           44%        2d7       3%          2

Your spell library contained the following spells:

 Spells                   Type           Power      Damage    Failure   Level
 Conjure Flame            Conj/Fire      16%        6-21      11%         3
 Inner Flame              Hex/Fire       13%        N/A       16%         3
 Flame Wave               Conj/Fire      16%        2d7       34%         4


Dungeon Overview and Level Annotations

Branches:
Dungeon (2/15)

Altars:
Nemelex Xobeh

Annotations:
D:2 Robin


Message History

Confirm with . or Enter, or press ? or * to list all spells.
You conjure some foxfire!
The hobgoblin hits you.
Casting: Foxfire (safe; 3% risk of failure)
Confirm with . or Enter, or press ? or * to list all spells.
Flames lash the hobgoblin.
You kill the hobgoblin!
The foxfire hits the goblin!
You kill the goblin!
Robin says, "My army is invincible!"
Robin roars a battlecry!
You hear a shout!
You hear a shout!
Things that are here:
a +0 dagger; a hobgoblin corpse; a goblin corpse Robin hits you with a +4 short sword of protection.
Things that are here:
a +1 dagger of electrocution; a goblin corpse
Casting: Scorch (safe; 3% risk of failure)
Confirm with . or Enter, or press ? or * to list all spells.
You don't have enough magic to cast this spell.
Robin attacks as you move away!
Robin hits you with a +4 short sword of protection.
A goblin comes into view. It is wielding a +0 club.
Your magical contamination has completely faded away.
Things that are here:
a +0 dagger; a hobgoblin corpse; a goblin corpse Robin attacks as you move away!
Robin hits you with a +4 short sword of protection.
Casting: Scorch (safe; 3% risk of failure)
Confirm with . or Enter, or press ? or * to list all spells.
Flames lash Robin but do no damage.
You hear a shout!
Robin hits you with a +4 short sword of protection.
* * * LOW HITPOINT WARNING * * *
Unknown command.
As you read the scroll labelled QIXZEN SALLE, it crumbles to dust.
The scroll dissolves into smoke.
It was a scroll of fog.
Magic courses through your body.
Robin hits you with a +4 short sword of protection.
You die...

#.........# #...
#.......#.# #...
#.......#.# ###...
#.......#.####.....
+............#.....
#.......#.##.#..._.
........#.##.#.....
#########.##.#.....
#@g§.†....#.###...
#g#########.# #...
#§# #.# #... #)#
#.# #... ... #.#
#... ##..# #..†
#... #### #.### ...


You could see Robin and a goblin (strong).

Vanquished Creatures
  An adder (D:2)
  A dart slug (D:1)
  4 ball pythons
  4 endoplasms
  4 giant cockroaches
  7 goblins
  2 hobgoblins
  2 jackals (D:1)
  4 kobolds
  3 quokkas (D:1)
  4 bats
  2 frilled lizards
  3 rats
41 creatures vanquished.

Vanquished Creatures (collateral kills)
  2 foxfires (D:1)
2 creatures vanquished.

Vanquished Creatures (others)
  85 foxfires
85 creatures vanquished.

Grand Total: 128 creatures vanquished

Notes
Turn   | Place    | Note
-------+----------+-------------------------------------------
     0 | D:1      | hawla the Deep Elf Fire Elementalist began the quest for
                  | the Orb.
     0 | D:1      | Reached XP level 1. HP: 10/10 MP: 6/6
   273 | D:1      | Reached XP level 2. HP: 15/15 MP: 5/8
   361 | D:1      | Learned a level 2 spell: Scorch
   906 | D:1      | Reached skill level 4 in Fire Magic
   910 | D:1      | Reached XP level 3. HP: 19/19 MP: 0/9
  1383 | D:2      | Found a sparkling altar of Nemelex Xobeh.
  1565 | D:2      | Found a faded altar of an unknown god.
  1722 | D:2      | Noticed Robin
  1731 | D:2      | Slain by Robin

Illustrated notes

Levels and vault maps discovered:
D:1:      heliophobic_arrival_henge, layout_loops_ring
D:2:      layout_basic, basic_ecumenical_altar, basic_altar, uniq_robin

Skill      XL: |  1  2 |
---------------+-------+-----
Fire Magic     | 4 |  4.4
Dodging        | |  2.7
Stealth        | |  2.7
Spellcasting   | |  3.6
Conjurations   | |  1.5

Action                   || total
-------------------------++-------
Melee: Unarmed           ||    13
 Cast: Foxfire           ||    53
       Scorch            ||    11
  Use: Scroll            ||     1
       Potion            ||     1
Armor: Robe              ||     5
Dodge: Dodged            ||    21
